 Dungeon Crawl Stone Soup version 0.29-a0-360-g8ed1089bbe (webtiles) character file.

Game seed: 1004101219817686050

73 Zeldest the Skirmisher (level 4, -2/35 HPs)
             Began as a Mummy Fighter on Apr 28, 2022.
             Was a Believer of Jiyva.
             Slain by a gnoll
             ... wielding a +0 flail
              (7 damage)
             ... on level 3 of the Dungeon.
             The game lasted 00:01:40 (1284 turns).

Zeldest the Skirmisher (Mummy Fighter)              Turns: 1284, Time: 00:01:41

Health: -2/35      AC: 10    Str: 21    XL:     4   Next: 8%
Magic:  4/4        EV:  9    Int:  7    God:    Jiyva [**....]
Gold:   83         SH:  4    Dex: 11    Spells: 3/3 levels left

rFire   . . .      SeeInvis .   a - +0 war axe (vorpal)
rCold   + . .      Faith    .   c - +0 buckler
rNeg    + + +      Spirit   .   f - +4 scale mail {rC+}
rPois   ∞          Reflect  .   (no helmet)
rElec   .          Harm     .   (no cloak)
rCorr   +          Rampage  .   (no gloves)
Will    .....                   (no boots)
Stlth   ..........              (no amulet)
HPRegen 1.07/turn               e - ring of fire
MPRegen 0.39/turn               (no ring)

@: no status effects
A: cold resistance 1, negative energy resistance 3, torment resistance 2, heat
vulnerability 1, in touch with death 1, no potions
a: Renounce Religion


You were on level 3 of the Dungeon.
You worshipped Jiyva.
Jiyva was pleased with you.
You visited 1 branch of the dungeon, and saw 3 of its levels.

You collected 83 gold pieces.

Inventory:

Hand Weapons
 a - a +0 vorpal war axe (weapon)
Armour
 b - a +0 scale mail
 c - a +0 buckler (worn)
 f - a +4 scale mail of cold resistance (worn)
Jewellery
 e - a ring of fire (left hand)
Scrolls
 d - a scroll of magic mapping
 g - a scroll of enchant armour {unknown}


   Skills:
 + Level 3.5 Fighting
 * Level 2.8 Axes
 + Level 2.9 Armour
 - Level 2.4 Shields


You had 3 spell levels left.
You didn't know any spells.
Your spell library was empty.

Dungeon Overview and Level Annotations

Branches:
Dungeon (3/15)

Altars:
Jiyva


Innate Abilities, Weirdness & Mutations

You are immune to poison.
Your flesh is cold resistant. (rC+)
You are immune to negative energy. (rN+++)
You are immune to unholy pain and torment.
You are vulnerable to heat. (rF-)
You are in touch with the powers of death.
You do not drink.


Message History

You hear a distant slurping noise.
A ball python is nearby!
A ball python is nearby!
You slash the ball python!
You kill the ball python!
No target in view!
A gnoll comes into view.
It is wielding a +1 whip of electrocution.
The gnoll shouts!
You hear a shout! x3
A gnoll is nearby!
A gnoll comes into view. It is wielding a +0 flail.
The gnoll shouts!
A gnoll comes into view. It is wielding a +0 halberd.
You see here a book of Scorching.
The gnoll shouts!
A hobgoblin comes into view.
The hobgoblin shouts!
The gnoll barely misses you.
The endoplasm barely misses the gnoll.
There are monsters nearby!
You barely miss the gnoll.
The gnoll hits you with a +1 whip of electrocution.
You are electrocuted!
A kobold comes into view.
It is wielding a +0 whip and wearing a +0 scale mail of cold resistance.
You hit the gnoll but do no damage. You slash the gnoll!
The gnoll hits you with a +1 whip of electrocution!
The gnoll misses you. The gnoll barely misses you.
The gnoll closely misses you. The gnoll hits you with a +0 flail.
* * * LOW HITPOINT WARNING * * *
The gnoll hits you with a +1 whip of electrocution.
* * * LOW HITPOINT WARNING * * *
You are too injured to fight recklessly!
There are monsters nearby!
There are monsters nearby!
You are too injured to fight recklessly!
You are too injured to fight recklessly!
There are monsters nearby!
You are too injured to fight recklessly!
There are monsters nearby!
You are too injured to fight recklessly!
The gnoll attacks as you move away! The gnoll hits you with a +0 flail!
You die...

#...# #...######
. #........#
#.####...####.#
#............(#
................
##......:......#
...####........#
.. #.@.###### .


#ggJ# #gg.# ..... ....... ....K.... ##......#.. #......#..# You could see 3
gnolls, a hobgoblin, a kobold and a neutral endoplasm (wandering) (fellow
slime).

Vanquished Creatures
  Terence (D:2)
  2 adders (D:2)
  A worm (D:2)
  A dart slug (D:2)
  2 ball pythons
  An endoplasm (D:1)
  A giant cockroach (D:1)
  2 goblins (D:2)
  4 hobgoblins
  2 jackals (D:1)
  3 kobolds (D:1)
  A quokka (D:2)
  2 frilled lizards
  A rat (D:2)
24 creatures vanquished.

Vanquished Creatures (others)
  3 gnolls (D:2)
  An endoplasm (D:1)
  2 giant cockroaches
  A hobgoblin (D:1)
  A jackal (D:1)
  A quokka (D:1)
  2 bats
  A frilled lizard (D:2)
  2 kobolds (D:2)
  A rat (D:2)
15 creatures vanquished.

Grand Total: 39 creatures vanquished

Notes
Turn   | Place    | Note
-------+----------+-------------------------------------------
     0 | D:1      | Zeldest the Mummy Fighter began the quest for the Orb.
     0 | D:1      | Reached XP level 1. HP: 18/18 MP: 1/1
   168 | D:1      | Found a faded altar of an unknown god.
   176 | D:1      | Reached XP level 2. HP: 14/24 MP: 2/2
   187 | D:1      | Prayed at the altar of an unknown god.
   187 | D:1      | Became a worshipper of Jiyva Jischulu the Shapeless
   187 | D:1      | Reached * piety under Jiyva
   720 | D:2      | Gained mutation: You are in touch with the powers of death.
                  | [Mummy growth]
   720 | D:2      | Reached XP level 3. HP: 29/29 MP: 3/3
   796 | D:2      | Noticed Terence
   811 | D:2      | HP: 1/29 [Terence/+1 hand axe of draining (8)]
   832 | D:2      | Killed Terence
   840 | D:2      | Reached XP level 4. HP: 21/35 MP: 4/4
   895 | D:2      | Reached ** piety under Jiyva
  1284 | D:3      | Slain by a gnoll

Illustrated notes

Levels and vault maps discovered:
D:1:      amcnicky_arrival_single_pillar, layout_rooms,
          chequers_ecumenical_altar_island, minmay_pentomino_u4
D:2:      layout_basic, minmay_cut_off, uniq_terence
D:3:      layout_loops_cross

Skill      XL: |  1 |
---------------+----+-----
Axes           | 2 |  2.8
Fighting       | |  3.5
Armour         | |  2.9
Shields        | |  2.4

Action                   |  1- 3 |  4- 6 || total
-------------------------+-------+-------++-------
Melee: War axe           |    75 |    10 ||    85
  Use: Scroll            |     2 |       ||     2
Armor: Scale mail        |    34 |     1 ||    35
Dodge: Dodged            |    30 |     5 ||    35
Block: Buckler           |    16 |       ||    16

Table legend: (Time is in decaauts)
 A = Elapsed time spent in this place.
 B = Non-inter-level travel time spent in this place.
 C = Inter-level travel time spent in this place.
 D = Time resting spent in this place.
 E = Time spent auto-exploring this place.
 F = Levels seen in this place.
 G = Mean time per level.
                   A        B        C        D        E       F      G
               +--------+--------+--------+--------+--------+-----+--------+
         Total |   1326 |   1298 |     28 |    115 |    936 |   3 |  442.0 |
       Dungeon |   1326 |   1298 |     28 |    115 |    936 |   3 |  442.0 |
               +--------+--------+--------+--------+--------+-----+--------+

Top non-repeatable levels by time:
     D:2: 687 daAuts
     D:1: 608 daAuts
     D:3: 30 daAuts
